 Dungeon Crawl Stone Soup version 0.31.0-11-ge490571c62 (webtiles) character file.

Game seed: 10140859323506812238

64 PaiMei the Grave Robber (level 3, -1/25 HPs)
             Began as a Demonspawn Necromancer on Jan 31, 2024.
             Slain by an orc wizard
             ... wielding a +0 dagger
              (2 damage)
             ... on level 3 of the Dungeon.
             The game lasted 00:02:50 (2820 turns).

PaiMei the Grave Robber (Demonspawn Necromancer)    Turns: 2820, Time: 00:02:51

Health: -1/25      AC:  6    Str:  8    XL:     3   Next: 91%
Magic:  2/6        EV: 12    Int: 17    God:
Gold:   190        SH:  5    Dex: 13    Spells: 6/7 levels left

rFire   . . .        g - +0 hand axe
rCold   . . .        (no shield)
rNeg    . . .        a - +0 robe
rPois   .            (helmet restricted)
rElec   .            (no cloak)
rCorr   .            (no gloves)
SInv    .            (no boots)
Will    .....        f - amulet of reflection
Stlth   ++           l - +4 ring of protection
HPRegen 0.24/turn    (no ring)
MPRegen 0.10/turn

%: reflection
@: no status effects
A: antennae 1, powered by death 1
a: no special abilities


You were on level 3 of the Dungeon.
You visited 1 branch of the dungeon, and saw 3 of its levels.

You collected 190 gold pieces.

Inventory:

Hand Weapons
 c - a +0 club
 g - a +0 hand axe (weapon)
Armour
 a - a +0 robe (worn)
Jewellery
 f - an amulet of reflection (around neck)
 l - a +4 ring of protection (left hand)
Scrolls
 e - 4 scrolls of identify {unknown}
 h - 5 scrolls of acquirement {unknown}
 o - a scroll of teleportation {unknown}
 p - a scroll of enchant armour {unknown}
 r - a scroll of silence {unknown}
Potions
 b - a potion of magic
 d - a potion of might {unknown}
 i - a potion of attraction {unknown}
 j - 2 potions of heal wounds {unknown}
 k - a potion of lignification {unknown}
 m - a potion of cancellation {unknown}
 n - a potion of haste {unknown}
 q - a potion of curing {unknown}


   Skills:
 + Level 0.8 Fighting
 + Level 2.4 Dodging
 - Level 2.3 Stealth
 + Level 2.6 Spellcasting
 + Level 4.8 Necromancy


You had 6 spell levels left.
You knew the following spells:

 Your Spells              Type           Power      Damage    Failure   Level
a - Necrotise             Necr           72%        1d7       2%          1

Your spell library contained the following spells:

 Spells                   Type           Power      Damage    Failure   Level
 Vampiric Draining        Necr           18%        2d7       8%          3
 Magic Dart               Conj           8%         1d3       19%         1
 Shock                    Conj/Air       8%         1d3       19%         1
 Animate Dead             Necr           18%        N/A       24%         4
 Blink                    Tloc           4%         N/A       28%         2
 Call Imp                 Summ           4%         N/A       28%         2
 Swiftness                Air            2%         N/A       50%         3
 Curse of Agony           Necr           18%        N/A       56%         5
 Airstrike                Air            1%         2d(1-17)  88%         4


Dungeon Overview and Level Annotations

Branches:
Dungeon (3/15)

Altars:
Vehumet


Innate Abilities, Weirdness & Mutations

You have a pair of small antennae on your head.
You regenerate a little health from kills.


Message History

Something hits you but does no damage.
You miss something. You hit the giant cockroach.
You kill the giant cockroach!
Something hits you.
Your orc skeleton barely misses something.
You hit something. Something hits you.
Your orc skeleton barely misses something.
You block something's attack.
Your orc skeleton closely misses something.
Something hits you.
Your orc skeleton barely misses something.
You see here a +0 robe.
You barely miss something.
You hear some strange, mumbled words.
You are confused.
You bump into the rock wall.
Something hits you but does no damage.
Your orc skeleton barely misses something.
You miss something.
Your orc skeleton crumbles into dust!
You hear some strange, mumbled words.
A puff of flame appears from out of thin air!
The puff of flame hits you.
You bump into the rock wall.
Something hits you but does no damage.
You miss something. Something hits you.
You hear some strange, mumbled words.
A magic dart appears from out of thin air!
The magic dart hits you.
You miss something. Something hits you but does no damage.
You miss something.
You feel less confused. Something hits you but does no damage.
You miss something. Something hits you but does no damage. Something hits you.
* * * LOW HITPOINT WARNING * * *
You barely miss something. Something barely misses you.
You hit something. Something hits you.
* * * LOW HITPOINT WARNING * * *
You closely miss something. Something hits you.
* * * LOW HITPOINT WARNING * * *
You miss something. Something hits you.
You die...

#.....o...#........
#.#####...K######.######.#
..o.....#..# #.# #.#
.###.#....## ####.######.#
#,#.#.## #.....#.....#
#.#.# #.##..#.##.#.# K....
.. #..)....###.######
.#.#.#.## #{####.##
##...... .#.....# #@#
##.###.#####. #
#.#.#.#####.# ##.#.## #.
........#### ##.## #.
##.###.....# #.# #.
#.###.....# #.# #.
#.........####.# #.
.!....##..........# #.
####. #.....###### #. #
###.### #.


There were no monsters in sight!

Vanquished Creatures
  An adder (D:3)
  A ribbon worm (D:2)
  An orc (D:3)
  6 endoplasms
  A giant cockroach (D:3)
  2 goblins
  4 hobgoblins
  8 jackals
  5 kobolds
  6 ball pythons
  4 bats
  A frilled lizard (D:1)
  6 rats
46 creatures vanquished.

Vanquished Creatures (collateral kills)
  An endoplasm (D:3)
1 creature vanquished.

Grand Total: 47 creatures vanquished

Notes
Turn   | Place    | Note
-------+----------+-------------------------------------------
     0 | D:1      | PaiMei the Demonspawn Necromancer began the quest for the
                  | Orb.
     0 | D:1      | Reached XP level 1. HP: 13/13 MP: 3/3
   143 | D:1      | Found a faded altar of an unknown god.
   682 | D:1      | Gained mutation: You have a pair of small antennae on your
                  | head. [demonic ancestry]
   682 | D:1      | Reached XP level 2. HP: 19/19 MP: 3/5
  1764 | D:2      | Found a radiant altar of Vehumet.
  1982 | D:2      | Gained mutation: You regenerate a little health from kills.
                  | [demonic ancestry]
  1982 | D:2      | Reached XP level 3. HP: 19/24 MP: 0/6
  2819 | D:3      | HP: 1/25 [something (4)]
  2820 | D:3      | Slain by an orc wizard

Illustrated notes

Levels and vault maps discovered:
D:1:      dpeg_arrival_central, layout_loops_corners,
          hellmonk_ecumenical_altar_pennies_from_heaven
D:2:      minmay_inner_zag, layout_loops_ring, basic_altar,
          chequers_serial_rivers_room_a, minmay_octomino_j4
D:3:      layout_loops_ring, mainiacjoe_sewer_entry_somewhere_in_here_2

Skill      XL: |  1 |
---------------+----+-----
Dodging        | 2 |  2.4
Stealth        | 2 |  2.3
Fighting       | |  0.8
Spellcasting   | |  2.6
Necromancy     | |  4.8

Action                     || total
---------------------------++-------
  Melee: Hand axe          ||    32
   Cast: Necrotise         ||    87
 Armour: Robe              ||    45
  Dodge: Dodged            ||    30
  Block: Other             ||     9
